 Dungeon Crawl Stone Soup version 0.16.2-12-gd0ad4c3 (webtiles) character file.

558 krupnik16 the Covered (level 7, -5/41 HPs)
             Began as a Gargoyle Fighter on Oct 10, 2015.
             Slain by Prince Ribbit (6 damage)
             ... on level 4 of the Dungeon.
             The game lasted 00:04:24 (2035 turns).

krupnik16 the Covered (Gargoyle Fighter)            Turns: 2035, Time: 00:04:25

Health: -5/41      AC: 13    Str: 26    XL:     7   Next: 31%
Magic:  16/16      EV:  8    Int:  9    God:
Gold:   141        SH:  9    Dex:  9    Spells: 0 memorised, 6 levels left

rFire  . . .     SeeInvis .     a - +0 war axe
rCold  . . .     Clarity  +     h - +2 ring mail {MR+}
rNeg   + . .     SustAb   .     c - +0 shield
rPois  ∞         Gourm    .     (no helmet)
rElec  +         Spirit   .     (no cloak)
rCorr  .         Warding  .     (no gloves)
rMut   .         Stasis   .     (no boots)
MR     ++...                    v - amulet of clarity
Stlth  ..........               l - ring of protection from magic
                                k - ring of magical power

@: mighty, very resistant to hostile enchantments, extremely unstealthy
A: negative energy resistance 1, electricity resistance, unbreathing,
petrification resistance, rot immunity, AC +4
a: no special abilities


You were on level 4 of the Dungeon.
You were not hungry.

You visited 1 branch of the dungeon, and saw 4 of its levels.

You collected 141 gold pieces.

Inventory:

Hand weapons
 a - a +0 war axe (weapon)
Armour
 c - a +0 shield (worn)
 h - a +2 ring mail of magic resistance (worn)
Jewellery
 k - a ring of magical power (left hand)
 l - a ring of protection from magic (right hand)
 v - an amulet of clarity (around neck)
Magical devices
 q - a wand of polymorph (14)
 u - a wand of hasting (8)
 y - a wand of disintegration (8)
Scrolls
 g - a scroll of blinking {unknown}
 i - 2 scrolls of identify
 m - 2 scrolls of amnesia {unknown}
 n - a scroll of enchant armour {unknown}
 o - a scroll of immolation {unknown}
 r - 3 scrolls of remove curse {unknown}
 s - 3 scrolls of recharging {unknown}
 t - a scroll of fear {unknown}
 x - a scroll of fog {unknown}
Potions
 b - a potion of haste
 p - a potion of curing
 z - a potion of berserk rage {unknown}
Comestibles
 d - 7 bread rations
 f - 2 beef jerkies
 j - a meat ration
 w - a chunk of flesh


   Skills:
 - Level 3.2 Fighting
 + Level 5.7 Axes
 + Level 6.0 Armour
 - Level 3.2 Shields


You had 6 spell levels left.
You didn't know any spells.

Dungeon Overview and Level Annotations

Branches:
Dungeon (4/15)
 Temple: D:4-7

Altars:
Cheibriados
Gozag
The Shining One

Annotations:
D:4 Prince Ribbit


Innate Abilities, Weirdness & Mutations

You are resistant to torment.
You are immune to poison.
Your stone body is very resilient (AC +4).
You resist negative energy.
You are resistant to electric shocks.
You can survive without breathing.
You are immune to petrification.
You are immune to rotting.


Message History

Unknown command.
You are too injured to fight recklessly!
Unknown command.
You are too injured to fight recklessly!
Unknown command.
You are too injured to fight recklessly!
Unknown command.
You are too injured to fight recklessly!
Unknown command.
You are too injured to fight recklessly!
Unknown command.
You are too injured to fight recklessly!
Unknown command.
You are too injured to fight recklessly!
You closely miss Prince Ribbit.
Prince Ribbit is moderately wounded.
Prince Ribbit hits you!
* * * LOW HITPOINT WARNING * * *
Prince Ribbit hits you.
You die...

...#.+ ..# ...+.#
.....+ # #.##.#
......# ..# #.##.#
...K....# ..#
.....#
........##..#
.....+
.............#
.....#
..............#
#....# ..♣
♣...††....#
#....##.♣
♣..†@F...#
........♣
♣##..##..#
#....÷..♣ ##..##.##
#.......♣
♣#....'..#
+.......♣♣
♣♣'...##..#
#...<....♣♣♣.#....#
##
#...........<##+#.#
.............##..##
..............>...#


You could see Prince Ribbit and a kobold.

Vanquished Creatures
  An ogre (D:4)
  A phantom (D:4)
  An orc priest (D:3)
  A hound (D:4)
  A crimson imp (D:3)
  3 worker ants
  2 giant frog skeletons (D:4)
  An orc wizard (D:3)
  A hound skeleton (D:4)
  4 adders
  4 worms
  3 giant geckos
  2 oozes
  5 orcs (D:3)
  6 bats
  4 giant cockroaches
  7 goblins
  6 hobgoblins
  6 kobolds
  4 giant newts
  A quokka skeleton (D:4)
  7 rats
71 creatures vanquished.

Notes
Turn   | Place    | Note
--------------------------------------------------------------
     0 | D:1      | krupnik16, the Gargoyle Fighter, began the quest for the Orb.
     0 | D:1      | Reached XP level 1. HP: 14/14 MP: 1/1
    92 | D:1      | Reached XP level 2. HP: 10/19 MP: 2/2
   500 | D:1      | Reached skill level 4 in Armour
   545 | D:2      | Reached XP level 3. HP: 23/23 MP: 3/3
   660 | D:2      | Found a glowing golden altar of the Shining One.
   660 | D:2      | Found an opulent altar of Gozag.
   733 | D:2      | Reached XP level 4. HP: 23/28 MP: 4/4
   776 | D:2      | Found a snail-covered altar of Cheibriados.
  1104 | D:3      | Reached skill level 5 in Armour
  1104 | D:3      | Reached XP level 5. HP: 32/32 MP: 5/5
  1610 | D:4      | Reached XP level 6. HP: 35/37 MP: 6/6
  1679 | D:4      | Noticed an ogre
  1689 | D:4      | Killed an ogre
  1904 | D:4      | Reached skill level 5 in Axes
  1931 | D:4      | Noticed a phantom
  1975 | D:4      | Killed a phantom
  1975 | D:4      | Reached XP level 7. HP: 19/41 MP: 7/7
  2022 | D:4      | Noticed Prince Ribbit
  2033 | D:4      | Reached skill level 6 in Armour
  2035 | D:4      | HP: 1/41 [Prince Ribbit (9)]
  2035 | D:4      | Slain by Prince Ribbit

Action                   |  1- 3 |  4- 6 |  7- 9 || total
-------------------------+-------+-------+-------++-------
Melee: War axe           |    79 |   142 |    16 ||   237
  Use: Scroll            |     4 |       |       ||     4
       Potion            |       |       |     2 ||     2
  Eat: Chunk             |       |     4 |       ||     4
